 Dungeon Crawl Stone Soup version 0.29.0-10-g45618ea6d2 (webtiles) character file.

Game seed: 6947263423335186855

58 SensoryNuts the Trooper (level 3, -3/29 HPs)
             Began as a Demonspawn Fighter on Sept 2, 2022.
             Slain by Blork the orc
             ... wielding a +0 war axe
              (5 damage)
             ... on level 4 of the Dungeon.
             The game lasted 00:01:43 (1348 turns).

SensoryNuts the Trooper (Demonspawn Fighter)        Turns: 1348, Time: 00:01:44

Health: -3/29      AC:  8    Str: 16    XL:     3   Next: 75%
Magic:  3/3        EV:  9    Int:  9    God:
Gold:   23         SH:  6    Dex: 14    Spells: 2/2 levels left

rFire   . . .      SeeInvis .   a - +0 long sword
rCold   . . .      Faith    .   c - +1 buckler
rNeg    . . .      Spirit   .   b - +0 scale mail
rPois   .          Reflect  .   (helmet restricted)
rElec   .          Harm     .   (no cloak)
rCorr   .          Rampage  .   (no gloves)
Will    .....                   (no boots)
Stlth   ..........              (no amulet)
HPRegen 0.09/turn               (no ring)
MPRegen 0.08/turn               (no ring)

@: mighty
A: antennae 1, icy blue scales 1
a: no special abilities


You were on level 4 of the Dungeon.
You visited 1 branch of the dungeon, and saw 3 of its levels.

You collected 23 gold pieces.

Inventory:

Hand Weapons
 a - a +0 long sword (weapon)
Armour
 b - a +0 scale mail (worn)
 c - a +1 buckler (worn)
 g - a +0 pair of gloves
Scrolls
 h - a scroll of poison {unknown}
Potions
 e - a potion of lignification {unknown}
 f - a potion of curing
 i - a potion of flight


   Skills:
 + Level 3.2 Fighting
 * Level 2.9 Long Blades
 + Level 3.0 Armour
 + Level 0.4 Dodging
 + Level 2.9 Shields


You had 2 spell levels left.
You didn't know any spells.
Your spell library was empty.

Dungeon Overview and Level Annotations

Branches:
Dungeon (2/15)

Altars:

Annotations:
D:4 Blork the orc


Innate Abilities, Weirdness & Mutations

You have a pair of small antennae on your head.
You are partially covered in icy blue scales. (AC +2)


Message History

The adder poisons you!
You hit the adder.
You kill the adder!
You feel sick.
Blork the orc screams, "I'm much stronger than you!"
Blork the orc gestures wildly while chanting.
Blork the orc seems to speed up.
Blork the orc points at you and mumbles some strange words.
The magic dart hits you!
It was a potion of curing.
You feel better.
Blork the orc miscasts a cantrip.
Blork the orc looks braver for a moment.
The kobold attacks as you move away! You block the kobold's attack.
Found a ring mail.
The kobold attacks as you move away! The kobold hits you but does no damage.
You feel very mighty all of a sudden. The kobold closely misses you.
You closely miss the kobold. You block the kobold's attack.
You barely miss the kobold.
Blork the orc hits you but does no damage.
You block the kobold's attack. Blork the orc barely misses you.
You hit the kobold.
You kill the kobold!
Blork the orc hits you with a +0 war axe!
Blork the orc points at you and mumbles some strange words.
The puff of frost hits you!
Unknown command.
You barely miss Blork the orc.
Blork the orc hits you with a +0 war axe.
* * * LOW HITPOINT WARNING * * *
Blork the orc barely misses you.
You completely miss Blork the orc.
Blork the orc points at you and mumbles some strange words.
The puff of frost hits you.
* * * LOW HITPOINT WARNING * * *
Blork the orc barely misses you.
Unknown command.
You closely miss Blork the orc.
Blork the orc hits you with a +0 war axe.
You die...

.. ..#.................
###.###.........(...†.....#
##..........##.........#....
#............###.#####.# .
....#.......###....##....
....#.......##...>.........
....#.......#..#.#.......##
............#...)o...#....
................@...## ....
#...........#..#...##
##......###.#..#....#
###..#### ####.#.....#
....## ..#.....# .....##
..#.....# ......# ....[..#
#....### #.##### #.#....#


You could see Blork the orc (fast).

Vanquished Creatures
  An adder (D:4)
  2 dart slugs
  2 ball pythons (D:1)
  3 endoplasms
  4 giant cockroaches (D:1)
  7 goblins
  3 hobgoblins
  3 kobolds
  2 quokkas (D:1)
  5 bats (D:1)
  A frilled lizard (D:1)
  6 rats
39 creatures vanquished.

Notes
Turn   | Place    | Note
-------+----------+-------------------------------------------
     0 | D:1      | SensoryNuts the Demonspawn Fighter began the quest for the
                  | Orb.
     0 | D:1      | Reached XP level 1. HP: 18/18 MP: 1/1
   210 | D:1      | Gained mutation: You are partially covered in icy blue
                  | scales. (AC +2) [demonic ancestry]
   210 | D:1      | Reached XP level 2. HP: 22/24 MP: 2/2
   346 | D:1      | Found a faded altar of an unknown god.
   489 | D:1      | Gained mutation: You have a pair of small antennae on your
                  | head. [demonic ancestry]
   489 | D:1      | Reached XP level 3. HP: 15/29 MP: 3/3
  1287 | D:2      | You fall into a shaft and drop 2 floors!
  1330 | D:4      | Noticed Blork the orc
  1348 | D:4      | Slain by Blork the orc

Illustrated notes

Levels and vault maps discovered:
D:1:      minmay_arrival_widening_spiral_wide, layout_basic,
          shapermc_ecumenical_altar_venn, kennysheep_nondescript,
          hangedman_decor_riveting
D:2:      layout_rooms, basic_altar, minmay_crystal_room, dk_noncrumbling_2,
          nrook_uturn, uniq_robin, uniq_crazy_yiuf_cottage
D:4:      layout_cave_pools, hangedman_decor_push, saegor_snake_ambush,
          uniq_sigmund, uniq_ijyb, uniq_blork_the_orc

Skill      XL: |  1  2 |
---------------+-------+-----
Long Blades    | 2 |  2.9
Armour         | 3 |  3.0
Fighting       | |  3.2
Dodging        | |  0.4
Shields        | |  2.9

Action                   || total
-------------------------++-------
Melee: Long sword        ||   112
  Use: Scroll            ||     4
       Potion            ||     2
Armor: Scale mail        ||    59
Dodge: Dodged            ||    46
Block: Buckler           ||    30
